Map: Acropolis LE

Players

pHARM - Winner!

  • Race: Zerg Zerg
  • League: Platinum
  • Spawn Location: 5:00

Ermacc

  • Race: Zerg Zerg
  • Spawn Location: 11:00

VOD

Have the link to the VOD?

Description

Time

  • Played on: Aug. 20, 2019, 11:11 p.m.
  • Length: 8:34
Show
View Real Time Build Order
Export as new Build Order

pHARM Zerg - Winner!

Build Orders: Hatch First 

Get SALT Encoding   

  12  0:01  Drone  
  13  0:12  Overlord  
  13  0:18  Drone  
  14  0:32  Drone x2  
  16  0:37  Drone  
  17  0:54  Hatchery  
  16  1:02  Drone  
  16  1:03  Drone  
  18  1:19  Drone, Spawning Pool  
  18  1:20  Drone  
  19  1:32  Drone  
  20  1:44  Extractor  
  20  1:46  Drone  
  20  2:01  Overlord  
  20  2:07  Queen x2  
  24  2:08  Zergling x2  
  24  2:09  Zergling x2  
  24  2:12  Drone  
  27  2:18  Drone  
  28  2:27  Drone  
  29  2:35  Drone x2  
  31  2:41  Drone  
  33  2:51  Drone x2  
  34  2:59  Drone  
  34  3:01  Overlord  
  34  3:02  Lair  
  35  3:11  Evolution Chamber  
  34  3:14  Drone, Roach Warren  
  34  3:15  Drone  
  34  3:16  Evolution Chamber, Queen  
  36  3:31  Drone x6  
  36  3:32  Drone  
  43  3:37  Zerg Missile Weapons Level 1, Extractor  
  43  3:38  Extractor  
  43  3:39  Overlord  
  41  3:43  Drone  
  41  4:06  Drone x7  
  41  4:07  Drone  
  49  4:14  Glial Reconstitution  
  49  4:32  Hatchery  
  49  4:38  Overlord x2  
  48  4:41  Roach  
  50  4:56  Roach x4  
  50  4:57  Roach x4  
  50  4:58  Overlord x3  
  66  5:26  Roach  
  66  5:27  Roach x5  
  59  6:13  Spine Crawler  
  59  6:15  Spine Crawler x3  
  49  6:41  Roach x12  
  53  7:39  Spawning Pool  
Show
View Real Time Build Order
Export as new Build Order

Ermacc Zerg 

Build Orders: Hatch First 

Get SALT Encoding   

  12  0:02  Drone  
  13  0:11  Drone  
  14  0:35  Hatchery  
  13  0:38  Drone  
  14  0:45  Overlord  
  14  1:02  Spawning Pool  
  13  1:07  Drone  
  14  1:19  Drone x3  
  17  1:35  Extractor  
  17  1:36  Drone  
  17  1:48  Queen  
  17  1:52  Queen  
  22  1:54  Overlord, Drone  
  22  2:10  Zergling x4  
  22  2:13  Zergling x2  
  25  2:17  Spine Crawler  
  24  2:28  Queen  
  24  2:29  Drone  
  27  2:44  Drone  
  27  2:45  Drone  
  27  2:46  Queen  
  31  2:56  Metabolic Boost  
  31  2:58  Zergling x2  
  31  2:59  Zergling x2  
  33  3:13  Queen  
  33  3:17  Overlord  
  35  3:20  Drone  
  36  3:35  Overlord  
  36  3:44  Lair  
  36  3:45  Drone x4  
  40  4:04  Queen  
  40  4:06  Overlord  
  42  4:15  Zergling x8  
  42  4:16  Zergling x2  
  47  4:17  Drone x2  
  47  4:19  Zergling x2  
  47  4:21  Zergling x2  
  47  4:23  Zergling x2  
  51  4:40  Zergling x2  
  51  4:41  Zergling x10  
  51  4:42  Zergling x4  
  59  4:49  Nydus Network  
  58  5:00  Overlord  
  58  5:01  Zergling x2  
  59  5:10  Overlord  
  59  5:17  Queen  
  61  5:30  Nydus Canal  
  61  5:34  Drone x4  
  61  5:35  Overlord x3, Drone x2  
  66  6:18  Hatchery  
  49  7:36  Spawning Pool  
  48  7:39  Extractor  
  48  7:42  Extractor  
  46  8:03  Spawning Pool  
Tags
 
League
Platinum
Matchup
ZvZ
Race
Zerg
Replay Pack
10.7.19
Spawn Locations
Cross Positions
Add a new tag
Caveats
  • Supply blocks, unpowered buildings, or Contaminate may cause inaccurate times.
  • Supply counts are checked every 10 seconds.